 Dungeon Crawl Stone Soup version 0.19.0-11-g3fc08b3 (console) character file.

60 OvidiusNaso the Shooter (level 3, -5/29 HPs)
             Began as a Centaur Arcane Marksman on Nov 8, 2016.
             Was an Initiate of Okawaru.
             Slain by feelmyfire's ghost (14 damage)
             ... on level 3 of the Dungeon.
             The game lasted 00:22:14 (1662 turns).

OvidiusNaso the Shooter (Centaur Arcane Marksman)   Turns: 1662, Time: 00:22:15

Health: -5/29      AC:  7    Str: 13    XL:     3   Next: 82%
Magic:  2/4        EV: 15    Int: 12    God:    Okawaru [......]
Gold:   102        SH:  0    Dex: 14    Spells: 2 memorised, 1 level left

rFire  . . .     SeeInvis .     j - +1 dagger (freeze)
rCold  . . .     Gourm    .     e - +0 robe
rNeg   . . .     Faith    .     (no shield)
rPois  .         Spirit   .     (no helmet)
rElec  .         Reflect  .     (no cloak)
rCorr  .         Harm     .     g - +2 pair of gloves
MR     .....                    (no barding)
Stlth  ++........               (no amulet)
                                (no ring)
                                (no ring)

@: agile, very quick
A: hooves 3, deformed body, speed 2, tough skin 3
a: Renounce Religion


You were on level 3 of the Dungeon.
You worshipped Okawaru.
Okawaru was noncommittal.
You were hungry.

You visited 1 branch of the dungeon, and saw 3 of its levels.

You collected 102 gold pieces.

Inventory:

Hand Weapons
 a - a +0 shortbow
 j - a +1 dagger of freezing (weapon)
Missiles
 d - 5 arrows
Armour
 e - a +0 robe (worn)
 g - a +2 pair of gloves (worn)
 q - a +0 robe
 v - a +0 robe
Scrolls
 b - a scroll of blinking {unknown}
 h - a scroll of random uselessness {unknown}
 m - a scroll of amnesia {unknown}
 p - a scroll of enchant armour {unknown}
 r - a scroll of teleportation {unknown}
 u - a scroll of identify {unknown}
Potions
 k - a potion of lignification {unknown}
 l - a potion of curing {unknown}
 n - a potion of flight {unknown}
 o - a potion of berserk rage {unknown}
 s - 2 potions of agility
Books
 c - a book of Debilitation

   Spells                             Type                      Level
   a - Corona                         Hexes                        1
   b - Slow                           Hexes                        2
   c - Gell's Gravitas                Hexes/Translocation          3
   d - Inner Flame                    Hexes/Fire                   3
   e - Cause Fear                     Hexes                        4
   f - Leda's Liquefaction            Hexes/Earth                  4
Comestibles
 f - a bread ration
 i - 2 royal jellies
 t - 4 fruits


   Skills:
 + Level 1.8 Fighting
 * Level 4.2 Bows
 - Level 1.3 Dodging
 - Level 1.0 Spellcasting
 + Level 3.2 Hexes


You had one spell level left.
You knew the following spells:

 Your Spells              Type           Power        Failure   Level  Hunger
a - Corona                Hex            #......      10%         1    ##.....
b - Slow                  Hex            #.......     12%         2    ###....


Dungeon Overview and Level Annotations

Branches:
Dungeon (3/15)

Altars:
Okawaru

Annotations:
D:3 feelmyfire's ghost, amateur GrFi


Innate Abilities, Weirdness & Mutations

You have hooves in place of feet.
Armour fits poorly on your strangely shaped body.
You cover ground very quickly.
You have extremely tough skin. (AC +3)


Message History

The arrow barely misses feelmyfire's ghost.
Firing (i - inventory):
d - 7 arrows (quivered)
Press: ? - help, Shift-Dir - straight line, f/p - feelmyfire's ghost
Aim: feelmyfire's ghost You shoot an arrow.
The arrow hits feelmyfire's ghost but does no damage.
Firing (i - inventory):
d - 6 arrows (quivered)
Press: ? - help, Shift-Dir - straight line, f/p - feelmyfire's ghost
Aim: feelmyfire's ghost You shoot an arrow.
The arrow hits feelmyfire's ghost but does no damage.
Wield which item (- for none, * to show all)? (? for menu, Esc to quit)
Your +1 dagger of freezing glows with a cold blue light!
j - a +1 dagger of freezing (weapon)
You hit feelmyfire's ghost but do no damage.
Your kick misses feelmyfire's ghost. Feelmyfire's ghost misses you.
You hit feelmyfire's ghost but do no damage.
You kick feelmyfire's ghost, but do no damage.
Feelmyfire's ghost hits you!
You die...

#..<# ##.. #...#
.....
#...##########.....
#...#.....(......#
#.^.)...#...##.###
#...###.###....#
#...# #..###.###
#...# ##.##..####
#...# #.##.....#
##### #....###..#
###@W# ...
#.%..(.(....
#....?..###
#........#
....!.(.....
....(.........
............###
........(...#


You could see feelmyfire's ghost.

Vanquished Creatures
  A gnoll (D:3)
  An ooze (D:2)
  An orc (D:3)
  A giant cockroach (D:1)
  5 goblins
  6 hobgoblins
  2 jackals (D:2)
  3 quokkas (D:2)
  5 bats
  A frilled lizard (D:2)
  11 kobolds
  3 rats
40 creatures vanquished.

Notes
Turn   | Place    | Note
-------+----------+-------------------------------------------
     0 | D:1      | OvidiusNaso the Centaur Arcane Marksman began the quest for the Orb.
     0 | D:1      | Reached XP level 1. HP: 16/16 MP: 2/2
   266 | D:1      | Reached XP level 2. HP: 23/23 MP: 0/3
   375 | D:1      | Reached skill level 3 in Bows
   870 | D:2      | Reached XP level 3. HP: 28/28 MP: 4/4
  1146 | D:2      | Found an iron altar of Okawaru.
  1178 | D:2      | Became a worshipper of Warmaster Okawaru
  1312 | D:2      | Reached skill level 4 in Bows
  1557 | D:3      | Learned a level 2 spell: Slow
  1655 | D:3      | Noticed feelmyfire's ghost (amateur GrFi)
  1662 | D:3      | Slain by feelmyfire's ghost

Skill      XL: |  1  2  3 |
---------------+----------+-----
Hexes          | 3 |  3.2
Bows           | 3 4 |  4.2
Fighting       | |  1.8
Dodging        | |  1.3
Spellcasting   | |  1.0

Action                   || total
-------------------------++-------
Melee: Dagger            ||    83
       Kick              ||    13
 Fire: Shortbow          ||    52
 Cast: Corona            ||    16
       Slow              ||     2
  Use: Potion            ||     1
  Eat: Chunk             ||     1
Armor: Robe              ||    36
Dodge: Dodged            ||    51
